 Dungeon Crawl Stone Soup version 0.25-a0-35-g747a2b3 (webtiles) character file.

Game seed: 10951043239666349043, levelgen mode: deterministic

14 slphil the Charmwright (level 2, -2/23 HPs)
             Began as a Merfolk Skald on Oct 18, 2019.
             Slain by a kobold
             ... wielding a +0 short sword
              (3 damage)
             ... on level 1 of the Dungeon.
             The game lasted 00:01:12 (128 turns).

slphil the Charmwright (Merfolk Skald)               Turns: 128, Time: 00:01:12

Health: -2/23      AC:  3    Str: 11    XL:     2   Next: 41%
Magic:  5/5        EV: 12    Int: 12    God:
Gold:   9          SH:  0    Dex: 13    Spells: 4/5 levels left

rFire    . . .     SeeInvis .   a - +0 spear
rCold    . . .     Gourm    .   (no shield)
rNeg     . . .     Faith    .   b - +0 leather armour
rPois    .         Spirit   .   (no helmet)
rElec    .         Reflect  .   (no cloak)
rCorr    .         Harm     .   (no gloves)
MR       .....                  (no boots)
Stlth    +.........             (no amulet)
HPRegen  0.07/turn              (no ring)
MPRegen  0.09/turn              (no ring)

@: no status effects
A: change form in water, swift swim, stealthy swim
a: no special abilities


You were on level 1 of the Dungeon.
You were not hungry.

You visited 1 branch of the dungeon, and saw 1 of its levels.

You collected 9 gold pieces.

Inventory:

Hand Weapons
 a - a +0 spear (weapon)
 e - a +1 short sword of speed
Armour
 b - a +0 leather armour (worn)
Scrolls
 c - a scroll of identify {unknown}
Potions
 g - a potion of magic {unknown}
Comestibles
 d - a ration
 f - a chunk of flesh


   Skills:
 + Level 2.5 Fighting
 + Level 3.4 Polearms
 - Level 0.6 Armour
 - Level 2.6 Dodging
 + Level 2.2 Spellcasting
 + Level 3.5 Charms


You had 4 spell levels left.
You knew the following spells:

 Your Spells              Type           Power        Failure   Level  Hunger
a - Infusion              Chrm           #...         9%          1    ##.....

Your spell library contained the following spells:

 Spells                   Type           Power        Failure   Level  Hunger
 Song of Slaying          Chrm           #.......     13%         2    ###....
 Shroud of Golubria       Chrm/Tloc      #.....       26%         2    ###....
 Regeneration             Chrm/Necr      #.........   45%         3    ####...
 Spectral Weapon          Hex/Chrm       #.......     45%         3    ####...


Dungeon Overview and Level Annotations

Branches:
Dungeon (1/15)

Altars:


Message History

You barely miss the ball python.
The ball python is moderately wounded.
The ball python closely misses you. The ball python constricts you.
You barely miss the ball python.
The ball python is moderately wounded.
The ball python barely misses you. The ball python constricts you.
You hit the ball python.
You kill the ball python!
The hobgoblin hits you but does no damage.
You barely miss the hobgoblin. The hobgoblin hits you.
* * * LOW HITPOINT WARNING * * *
The hobgoblin closely misses you.
You hit the hobgoblin.
You kill the hobgoblin!
The hobgoblin hits you with a +0 club.
* * * LOW HITPOINT WARNING * * *
You miss the kobold.
The kobold is heavily wounded.
The kobold hits you with a +0 short sword.
You die...

#...#####...# #.........
#.#.#.## ##..## ##........
#.##.## #...## ##....)...
#.###.####...####.........
#.##.####.####..Kl..........[
#..<......).....#....####...
###.####..#l###.####.#######
#.# #.#.#K# #... #...#
##.#.##.#@# ###.####..# #.#
#.#g# .# ##..%# #.# #(#.# .
##... #.# #.#.. .# ##. #.
..#.# +.. #.. #..


You could see a hobgoblin, a kobold and a frilled lizard.

Vanquished Creatures
  A leopard gecko (D:1)
  A ball python (D:1)
  A giant cockroach (D:1)
  3 hobgoblins (D:1)
  2 frilled lizards (D:1)
  A goblin (D:1)
  2 kobolds (D:1)
  A rat (D:1)
12 creatures vanquished.

Notes
Turn   | Place    | Note
-------+----------+-------------------------------------------
     0 | D:1      | slphil the Merfolk Skald began the quest for the Orb.
     0 | D:1      | Reached XP level 1. HP: 16/16 MP: 3/3
    48 | D:1      | Reached XP level 2. HP: 20/23 MP: 5/5
   127 | D:1      | HP: 1/23 [hobgoblin/+0 club (4)]
   128 | D:1      | Slain by a kobold

Levels and vault maps discovered:
D:1:      roderic_octagonal_star, layout_rooms, chequers_serial_rivers_micro_d,
          minmay_three_crescents

Action                   || total
-------------------------++-------
Melee: Spear             ||    45
Armor: Leather armour    ||    13
Dodge: Dodged            ||    21

Table legend:
 A = Non-vault XP
 B = Vault XP
 C = Vault XP percentage of total XP
 D = Non-vault monster count
 E = Vault monster count
 F = Vault count percentage of total count
                 A         B        C        D         E       F
            +---------+---------+-------+---------+---------+-------
      Total |      20 |       0 |   0.0 |      12 |       0 |   0.0
            +---------+---------+-------+---------+---------+-------
        D:1 |      20 |       0 |   0.0 |      12 |       0 |   0.0
            +---------+---------+-------+---------+---------+-------
